 Dungeon Crawl Stone Soup version 0.27.1-34-g3ba077fa99 (webtiles) character file.

Game seed: 18098578661846124991

236 Destapler the Caller (level 6, 0/34 HPs)
             Began as a Tengu Summoner on Jan 17, 2022.
             Was a Believer of the Shining One.
             Slain by Pikel (2 damage)
             ... on level 4 of the Dungeon.
             The game lasted 00:18:59 (4715 turns).

Destapler the Caller (Tengu Summoner)               Turns: 4715, Time: 00:19:00

Health: 0/34       AC:  2    Str:  9    XL:     6   Next: 6%
Magic:  9/11       EV: 15    Int: 17    God:    the Shining One [**....]
Gold:   167        SH:  0    Dex: 14    Spells: 6/10 levels left

rFire    + . .     SeeInvis .   o - +1 flail (venom)
rCold    + . .     Faith    .   (no shield)
rNeg     + . .     Spirit   .   a - +0 robe
rPois    .         Reflect  .   (helmet restricted)
rElec    .         Harm     .   q - scarf {rC+ rF+}
rCorr    .         Rampage  .   (no gloves)
Will     .....                  (boots unavailable)
Stlth    +.........             n - amulet of regeneration
HPRegen  1.11/turn              k - +4 ring of slaying
MPRegen  0.12/turn              (no ring)

@: flying quickly and evasively, glowing, quick
A: beak, talons 3, nimble flight
a: Renounce Religion, Divine Shield


You were on level 4 of the Dungeon.
You worshipped the Shining One.
The Shining One was pleased with you.
You visited 1 branch of the dungeon, and saw 4 of its levels.

You collected 167 gold pieces.

Inventory:

Hand Weapons
 c - a +0 dagger
 o - a +1 flail of venom (weapon)
 p - a +0 spear
Armour
 a - a +0 robe (worn)
 m - a +0 cloak
 q - a scarf of resistance (worn)
Jewellery
 k - a +4 ring of slaying (left hand)
 n - an amulet of regeneration (around neck)
Scrolls
 b - 4 scrolls of teleportation {unknown}
 e - 2 scrolls of noise {unknown}
 g - a scroll of amnesia {unknown}
 h - 4 scrolls of identify {unknown}
Potions
 d - a potion of haste {unknown}
 f - 3 potions of curing {unknown}
 i - a potion of ambrosia {unknown}
 j - 2 potions of brilliance {unknown}
 l - a potion of attraction {unknown}


   Skills:
 + Level 1.4 Fighting
 - Level 3.0 Dodging
 - Level 3.0 Stealth
 + Level 2.9 Spellcasting
 * Level 1.4 Hexes
 + Level 5.4 Summonings
 + Level 1.9 Air Magic
 + Level 1.3 Invocations


You had 6 spell levels left.
You knew the following spells:

 Your Spells              Type           Power      Damage    Failure   Level
a - Summon Small Mammal   Summ           84%        N/A       1%          1
b - Call Canine Familiar  Summ           21%        N/A       5%          3

Your spell library contained the following spells:

 Spells                   Type           Power      Damage    Failure   Level
 Call Imp                 Summ           21%        N/A       2%          2
 Summon Guardian Golem    Hex/Summ       14%        N/A       13%         3
 Beastly Appendage        Tmut           4%         N/A       19%         1
 Wereblood                Tmut           2%         N/A       26%         2
 Summon Lightning Spire   Summ/Air       15%        N/A       36%         4
 Spider Form              Tmut/Pois      1%         N/A       47%         3


Dungeon Overview and Level Annotations

Branches:
Dungeon (4/15)
 Temple: D:4-7

Altars:
The Shining One

Shops:
D:1 [   D:3 =*

Annotations:
D:4 Pikel


Innate Abilities, Weirdness & Mutations

You have a beak for a mouth.
You have claws for feet.
Your magical nature lets you fly swiftly and evasively.


Message History

You kill the adder!
You see here an adder corpse.
Found 16 gold pieces.
Found a stone staircase leading up.
You now have 167 gold pieces (gained 16).
You swap places.
You swap places.
Pikel is nearby!
Pikel is nearby!
Pikel is nearby!
Pikel says, "Hell isn't that bad."
Your rat bites Pikel but does no damage.
You hit Pikel. You claw Pikel, but do no damage. Your peck misses Pikel.
Pikel is lightly wounded.
Pikel says, "Hell isn't that bad."
Pikel hits you with a +2 whip of flaming.
Pikel burns you.
Your rat bites Pikel.
The lemure hits your rat.
Your rat dies!
Your rat's corpse disappears in a puff of smoke!
Pikel hits your rat with a +2 whip of flaming!
Pikel burns your rat.
Your rat dies!
Your rat's corpse disappears in a puff of smoke!
Your hound misses Pikel.
Your hound closely misses Pikel.
Pikel hits you with a +2 whip of flaming.
Pikel burns you.
You hit Pikel but do no damage.
Pikel is poisoned.
Pikel is lightly wounded.
Your hound barely misses Pikel.
Pikel hits you with a +2 whip of flaming!
Pikel burns you.
* * * LOW HITPOINT WARNING * * *
Your hound closely misses Pikel.
You hit Pikel. Your kick misses Pikel. You peck Pikel.
Pikel is moderately wounded.
Your hound barely misses Pikel.
Pikel hits you with a +2 whip of flaming!
* * * LOW HITPOINT WARNING * * *
Pikel burns you.
You die...

#..#.### #####......##..#
##......### ##.)(####.#...# .#
##.##.#...# ##..#.†###...#.# ..#
.#.##.###.####..###..#...##.#..##
......###....#.#####.....##.#.##.
#..#...............5..........##.
......#######..#55..#.........##.
..###.#.....##.#K##........##....
.## #...###.##rh@##.#.###...####.
.####>.####.##(..#....# ##.......
...................#### #.#####.
.###...#..............# #[# #. ##
#.#.####.........#.####.# #. #
#.#.# #.........#..†...### #. #
......##..........####....# ##
###.........#.........####.#.....
..........#.#...............#####


You could see Pikel (very poisoned, ally target), 2 lemures, a friendly hound
(summoned) and a friendly quokka (summoned).

Vanquished Creatures
  2 lemures (D:4)
  A scorpion (D:4)
  A hound (D:4)
  3 gnolls (D:4)
  A howler monkey skeleton (D:4)
  An adder (D:4)
  An adder skeleton (D:4)
  A dart slug (D:1)
  6 orcs
  2 endoplasms (D:4)
  5 goblins
  2 hobgoblins
  3 jackals (D:3)
  A quokka (D:1)
  2 ball pythons (D:1)
  2 bats (D:1)
  2 frilled lizards
  2 kobolds
38 creatures vanquished.

Vanquished Creatures (collateral kills)
  Crazy Yiuf (D:3)
  5 adders
  2 worms (D:2)
  4 orcs
  2 ball pythons
  3 endoplasms (D:1)
  A giant cockroach (D:2)
  2 hobgoblins
  4 jackals (D:3)
  2 bats
  A frilled lizard (D:1)
  2 kobolds (D:1)
29 creatures vanquished.

Vanquished Creatures (others)
  4 fungi (D:3)
4 creatures vanquished.

Grand Total: 71 creatures vanquished

Notes
Turn   | Place    | Note
-------+----------+-------------------------------------------
     0 | D:1      | Destapler the Tengu Summoner began the quest for the Orb.
     0 | D:1      | Reached XP level 1. HP: 10/10 MP: 4/4
   451 | D:1      | Reached XP level 2. HP: 6/15 MP: 3/6
   669 | D:1      | Reached skill level 5 in Summonings
   744 | D:1      | Found a faded altar of an unknown god.
   758 | D:1      | Became a worshipper of the Shining One
   758 | D:1      | Reached * piety under the Shining One
  1163 | D:1      | Found Plog's Armour Emporium.
  1710 | D:2      | Reached XP level 3. HP: 15/20 MP: 5/7
  1836 | D:2      | Learned a level 3 spell: Call Canine Familiar
  1847 | D:2      | HP: 1/20 [poisoned by an adder]
  3039 | D:3      | Found Ytubb's Jewellery Boutique.
  3094 | D:3      | Reached XP level 4. HP: 12/24 MP: 3/8
  3524 | D:3      | Found Yrevemae's General Store.
  4121 | D:3      | Found a runed translucent door.
  4122 | D:3      | Noticed Crazy Yiuf
  4138 | D:3      | Killed Crazy Yiuf
  4139 | D:3      | Reached skill level 1 in Fighting
  4139 | D:3      | Reached skill level 1 in Air Magic
  4258 | D:4      | Noticed a scorpion
  4350 | D:4      | Killed a scorpion
  4351 | D:4      | Reached skill level 1 in Hexes
  4351 | D:4      | Reached skill level 1 in Invocations
  4351 | D:4      | Gained mutation: Your magical nature lets you fly swiftly
                  | and evasively. [Tengu growth]
  4351 | D:4      | Reached XP level 5. HP: 20/29 MP: 4/10
  4490 | D:4      | Reached XP level 6. HP: 17/34 MP: 6/11
  4537 | D:4      | Noticed Pikel
  4537 | D:4      | Reached ** piety under the Shining One
  4715 | D:4      | Slain by Pikel

Illustrated notes

Levels and vault maps discovered:
D:1:      matt_arrival_diagonals, layout_rooms,
          chequers_ecumenical_altar_simple_redux, serial_shops,
          nicolae_lakefront_shop
D:2:      layout_basic
D:3:      layout_loops_cross, serial_shops, shop, nicolae_shop_behind_doors,
          uniq_crazy_yiuf_cottage
D:4:      layout_rooms, sigmund_army, uniq_robin, uniq_eustachio, uniq_pikel

Skill      XL: |  1  2  3  4  5 |
---------------+----------------+-----
Summonings     | 5 |  5.4
Fighting       | 1 |  1.4
Air Magic      | 1 |  1.9
Dodging        | 3 |  3.0
Hexes          | 1 |  1.4
Invocations    | 1 |  1.3
Stealth        | 3 |  3.0
Spellcasting   | |  2.9

Action                   |  1- 3 |  4- 6 || total
-------------------------+-------+-------++-------
Melee: Dagger            |    67 |    63 ||   130
       Kick              |    15 |    18 ||    33
       Unarmed           |     2 |       ||     2
       Peck              |    13 |    11 ||    24
       Flail             |       |    17 ||    17
 Cast: Summon Small Mamm |    17 |    10 ||    27
       Call Canine Famil |     7 |    11 ||    18
 Stab: Sleeping          |     2 |       ||     2
Armor: Robe              |    19 |     9 ||    28
Dodge: Dodged            |    44 |    76 ||   120
